Map: Lerilak Crest

Players

uThermal - Winner!

  • Race: Terran Terran
  • League: Grandmaster

LiquidBunny (Bunny)

  • Race: Terran Terran
  • League: Grandmaster

Event: NationWars III

VOD

Have the link to the VOD?

Description

Time

  • Played on: Dec. 11, 2015, 2:25 p.m.
  • Length: 9:23

All games in this series

Show
View Real Time Build Order
Export as new Build Order

uThermal Terran - Winner!

Build Orders: Reaper Expand, MMM Bio 

Get SALT Encoding   

  12  0:00  SCV  
  13  0:12  SCV  
  14  0:17  Supply Depot  
  14  0:25  SCV  
  15  0:38  SCV  
  15  0:40  Barracks  
  16  0:44  Refinery  
  16  0:50  SCV  
  17  1:03  SCV  
  18  1:15  SCV  
  19  1:27  Orbital Command  
  19  1:28  Reaper  
  20  1:40  Command Center  
  20  1:50  Supply Depot  
  20  1:52  SCV  
  21  2:00  Marine  
  22  2:04  SCV  
  22  2:06  Factory  
  23  2:13  Refinery  
  23  2:18  Marine  
  23  2:19  SCV  
  25  2:32  SCV  
  25  2:35  Marine  
  27  2:44  SCV  
  28  2:51  Widow Mine  
  28  2:52  Starport  
  28  2:53  Marine  
  32  3:02  SCV, Orbital Command  
  32  3:11  Marine  
  33  3:14  SCV  
  34  3:23  Factory Tech Lab  
  34  3:27  SCV  
  35  3:28  SCV  
  35  3:29  Medivac, Marine  
  39  3:35  Engineering Bay  
  39  3:39  SCV  
  39  3:40  SCV  
  41  3:42  Cyclone  
  41  3:45  Supply Depot  
  44  3:51  SCV  
  44  3:52  SCV  
  44  3:53  Barracks Tech Lab  
  46  3:57  Barracks  
  46  3:58  Barracks  
  46  4:07  SCV x2, Supply Depot  
  48  4:12  Marine  
  48  4:13  Stimpack  
  49  4:19  SCV x2  
  51  4:30  Marine  
  52  4:35  SCV  
  46  4:38  Viking  
  46  4:39  SCV  
  46  4:42  Barracks  
  46  4:43  Cyclone, Barracks  
  46  4:45  Refinery  
  51  4:47  Refinery  
  51  4:48  SCV  
  51  4:49  Marine  
  51  4:50  Marine  
  51  4:52  Marine  
  55  4:54  SCV  
  55  4:58  Supply Depot  
  56  5:01  SCV  
  56  5:06  Supply Depot  
  57  5:07  Marine  
  57  5:08  Marine  
  57  5:11  SCV  
  57  5:12  Marine  
  59  5:15  Medivac  
  59  5:16  SCV  
  62  5:21  Siege Tank  
  62  5:23  Supply Depot  
  66  5:28  Missile Turret  
  66  5:29  Missile Turret  
  66  5:30  Barracks Tech Lab  
  66  5:31  Barracks Reactor, Marine  
  66  5:33  Marine  
  67  5:36  SCV x2  
  67  5:42  Terran Infantry Weapons Level 1  
  69  5:46  Marine, Starport Reactor  
  69  5:48  SCV  
  69  5:49  Marine  
  72  5:50  Supply Depot  
  72  5:51  Marine  
  72  5:56  Siege Tank  
  72  6:11  Marine x2  
  74  6:13  Missile Turret  
  74  6:16  Combat Shields  
  74  6:17  Marine  
  75  6:19  Marine  
  76  6:26  Medivac  
  76  6:29  Supply Depot, Marine  
  76  6:30  Marine  
  80  6:38  Marine, Medivac  
  83  6:41  Marine x2  
  85  6:47  Siege Tank  
  85  6:50  Marine  
  85  6:53  Supply Depot  
  88  6:55  Marine  
  88  6:56  Medivac  
  88  6:58  Marine  
  92  7:04  Marine  
  92  7:06  Marine  
  92  7:08  Medivac  
  96  7:10  Marine  
  96  7:13  Marine  
  96  7:14  Supply Depot, Marine  
  99  7:19  Marine  
  99  7:21  Siege Tank  
  103  7:27  Marine  
  103  7:28  Supply Depot  
  104  7:32  Marine x2  
  104  7:33  Marine  
  107  7:37  Medivac  
  107  7:42  Marine  
  110  7:46  Marine x2  
  110  7:50  Supply Depot  
  112  7:53  Marine x2  
  112  7:54  Marine  
  115  7:59  Marine  
  115  8:04  Marine  
  117  8:09  Marine  
  117  8:11  Marine  
  117  8:12  Marine, Medivac  
  122  8:18  Marine x2  
  124  8:20  Siege Tank  
  124  8:21  Supply Depot, Marine  
  128  8:27  Marine  
  126  8:35  Marine  
  126  8:36  Marine  
  126  8:40  Marine  
  129  8:42  Marine  
  129  8:44  Marine  
  129  8:45  Marine  
  110  8:56  Marine  
  110  8:57  Marine x2  
  110  9:00  Marine  
  110  9:01  Marine  
Show
View Real Time Build Order
Export as new Build Order

LiquidBunny Terran 

Build Orders: Bio Tank 

Get SALT Encoding   

  12  0:00  SCV  
  13  0:13  SCV  
  14  0:17  Supply Depot  
  14  0:25  SCV  
  15  0:38  SCV  
  15  0:40  Barracks  
  16  0:44  Refinery  
  16  0:50  SCV  
  17  1:03  SCV  
  18  1:15  SCV  
  19  1:27  Barracks Reactor, Orbital Command  
  19  1:39  Command Center  
  19  1:45  Refinery  
  19  1:53  SCV  
  20  1:55  Supply Depot  
  20  2:03  Reaper  
  20  2:04  Reaper  
  20  2:05  SCV  
  23  2:13  Bunker  
  23  2:17  SCV  
  23  2:29  SCV  
  24  2:31  Factory  
  24  2:35  Marine x2  
  26  2:42  SCV  
  27  2:52  Marine  
  27  2:53  Marine  
  27  2:54  SCV  
  30  3:06  SCV  
  30  3:08  Orbital Command  
  31  3:17  Starport  
  31  3:18  SCV  
  31  3:19  Factory Tech Lab  
  32  3:22  Marine x2  
  33  3:30  SCV  
  35  3:34  SCV  
  35  3:37  Cyclone  
  35  3:39  Marine  
  35  3:41  Marine  
  40  3:42  SCV  
  40  3:47  SCV, Supply Depot  
  42  3:53  Medivac  
  42  3:54  SCV  
  45  3:57  Marine  
  46  4:04  Supply Depot  
  46  4:09  SCV x2  
  49  4:10  Siege Tank  
  52  4:21  SCV  
  52  4:23  SCV  
  52  4:24  Barracks  
  53  4:26  Barracks  
  53  4:33  SCV  
  53  4:35  SCV  
  47  4:43  Siege Tank  
  47  4:44  Marine  
  47  4:45  SCV  
  52  4:48  SCV  
  52  4:49  Marine  
  54  4:53  Starport Reactor  
  54  4:57  SCV  
  54  4:59  Supply Depot  
  55  5:00  SCV  
  55  5:05  Marine  
  56  5:07  Marine  
  56  5:09  SCV  
  56  5:12  SCV, Barracks Tech Lab  
  56  5:14  Engineering Bay  
  58  5:16  Refinery x2  
  58  5:21  SCV  
  58  5:24  SCV  
  58  5:25  Barracks Tech Lab  
  60  5:28  Siege Tank  
  60  5:29  Supply Depot  
  60  5:33  SCV  
  60  5:34  Stimpack  
  64  5:36  SCV  
  64  5:38  Marine x2  
  64  5:42  Terran Infantry Weapons Level 1, Marine  
  67  5:43  Marine  
  67  5:45  SCV  
  67  5:46  Supply Depot  
  70  5:51  Supply Depot  
  70  5:52  SCV  
  71  5:58  SCV  
  71  5:59  Marine  
  72  6:04  SCV  
  72  6:05  Combat Shields  
  72  6:06  Marine x2  
  72  6:07  Marine  
  72  6:09  Siege Tank  
  72  6:10  SCV  
  78  6:15  Supply Depot  
  78  6:21  Barracks  
  78  6:22  Medivac  
  78  6:24  Marine  
  78  6:25  Barracks  
  81  6:26  Marine  
  81  6:32  Medivac  
  84  6:33  Marine x2  
  86  6:42  SCV, Marine  
  86  6:44  Marine  
  86  6:45  Siege Tank  
  86  6:46  Supply Depot  
  92  6:51  Marine x2  
  94  7:00  Marine  
  95  7:01  Marine  
  95  7:04  Medivac x2  
  95  7:08  SCV  
  101  7:09  Marine x2  
  101  7:10  Command Center  
  101  7:12  Supply Depot  
  101  7:13  Barracks Reactor  
  104  7:19  Marine x2  
  104  7:20  Siege Tank  
  109  7:25  Supply Depot  
  109  7:27  Barracks Reactor  
  109  7:28  Marine  
  109  7:33  Supply Depot  
  109  7:34  Medivac  
  109  7:35  Marine  
  111  7:37  Marine  
  111  7:40  Marine  
  113  7:46  Marine  
  113  7:52  Siege Tank  
  113  7:53  Marine  
  113  7:55  Marine  
  113  7:56  Supply Depot, SCV  
  113  7:58  Marine  
  120  8:01  Marine  
  120  8:03  SCV  
  122  8:07  Marine  
  122  8:08  SCV  
  124  8:13  Marine x2  
  124  8:14  Marine x3  
  124  8:15  Marine  
  124  8:19  Marine  
  131  8:24  Siege Tank  
  131  8:25  Marine  
  135  8:32  Marine  
  134  8:35  Marine x2  
  136  8:43  Marine x5  
  136  8:44  Medivac x2  
  115  8:56  Marine x2  
  115  8:57  SCV  
  115  8:58  Marine  
  115  8:59  SCV  
  115  9:01  Marine x5  
Tags
 
Add a new tag
Caveats
  • Supply blocks, unpowered buildings, or Contaminate may cause inaccurate times.
  • Supply counts are checked every 10 seconds.